General information
- name: BNet
- type: Ladder team game (AT/RT)
- host: Battle.net
- saver: dIRTMCWORDUp
map: Mur'gulOasis
- players: 6
- length: 05:26
- speed: Fast
- version: 1.21 W3XP
- replay type:

» download(36 KB)
Players
team 1 (winner)
dIRTMCWORDUp (
green | 79 APM | 428 actions | 05:26)
2 Warden
1 Shadow Strike
1 Blink
» actions
| Assign group hotkey | 8 | |
| Basic commands | 2 | |
| Build / train | 20 | |
| ESC pressed | 3 | |
| Enter build submenu | 7 | |
| Enter hero's abilities submenu | 2 | |
| Right click | 176 | |
| Select / deselect | 47 | |
| Select group hotkey | 145 | |
| Use ability | 18 | |
428 total
» units
» buildings
| Altar of Elders | 1 | |
| Moon Well | 3 | |
| Hunter's Hall | 1 | |
| Ancient of War | 2 | |
| Tree of Ages | 1 | |
8 total
» build order
00:22 Altar of Elders
00:25 Moon Well
01:52 Hunter's Hall
01:55 Ancient of War
02:08 Moon Well
02:55 Ancient of War
03:19 Moon Well
04:32 Tree of Ages

»
iggy_the_fisk (
orange | 85 APM | 461 actions | 05:24)
1 Blademaster
1 Wind Walk
» actions
| Assign group hotkey | 16 | |
| Basic commands | 5 | |
| Build / train | 20 | |
| Enter build submenu | 7 | |
| Enter hero's abilities submenu | 1 | |
| Remove unit from queue | 1 | |
| Right click | 290 | |
| Select / deselect | 75 | |
| Select group hotkey | 34 | |
| Use ability | 12 | |
461 total
» units
» buildings
| Altar of Storms | 1 | |
| Orc Burrow | 3 | |
| Barracks | 1 | |
| Voodoo Lounge | 2 | |
| Stronghold | 1 | |
8 total
» build order
00:04 Altar of Storms
00:33 Orc Burrow
00:49 Barracks
01:34 Orc Burrow
02:52 Orc Burrow
03:25 Voodoo Lounge
03:39 Voodoo Lounge
04:37 Stronghold
Mata. (
teal | 137 APM | 740 actions | 05:24)
1 Archmage
1 Summon Water Elemental
» actions
| Assign group hotkey | 97 | |
| Build / train | 31 | |
| Enter build submenu | 19 | |
| Enter hero's abilities submenu | 1 | |
| Right click | 353 | |
| Select / deselect | 133 | |
| Select group hotkey | 77 | |
| Use ability | 29 | |
740 total
» units
» buildings
| Altar of Kings | 1 | |
| Barracks | 1 | |
| Farm | 3 | |
| Lumber Mill | 1 | |
| Scout Tower | 8 | |
| Guard Tower | 5 | |
19 total
» build order
00:03 Altar of Kings
00:20 Barracks
00:33 Farm
01:04 Farm
01:33 Farm
02:00 Lumber Mill
03:01 Scout Tower
03:06 Scout Tower
03:07 Scout Tower
03:20 Scout Tower
03:41 Guard Tower
04:16 Scout Tower
04:50 Guard Tower
04:50 Guard Tower
05:17 Scout Tower
05:18 Scout Tower
05:24 Scout Tower
team 2 (loser)
CRUSTY.WAFFlE (
pink | 64 APM | 344 actions | 05:24)
1 Mountain King
1 Storm Bolt
» actions
| Assign group hotkey | 25 | |
| Build / train | 21 | |
| Enter build submenu | 10 | |
| Enter hero's abilities submenu | 1 | |
| Right click | 161 | |
| Select / deselect | 63 | |
| Select group hotkey | 32 | |
| Use ability | 31 | |
344 total
» units
» buildings
| Altar of Kings | 1 | |
| Farm | 4 | |
| Lumber Mill | 1 | |
| Blacksmith | 1 | |
| Barracks | 2 | |
9 total
» build order
00:24 Altar of Kings
00:35 Farm
00:54 Farm
01:56 Lumber Mill
01:59 Blacksmith
02:04 Barracks
02:08 Barracks
02:16 Farm
04:03 Farm
RANDOM.WAFFLE (
purple | 42 APM | 228 actions | 05:24)
1 Blademaster
1 Wind Walk
» actions
| Assign group hotkey | 5 | |
| Basic commands | 6 | |
| Build / train | 16 | |
| Enter build submenu | 7 | |
| Enter hero's abilities submenu | 1 | |
| Right click | 120 | |
| Select / deselect | 44 | |
| Select group hotkey | 18 | |
| Use ability | 11 | |
228 total
» units
» buildings
| Altar of Storms | 1 | |
| Orc Burrow | 4 | |
| Barracks | 1 | |
| Voodoo Lounge | 1 | |
7 total
» build order
00:23 Altar of Storms
00:38 Orc Burrow
00:52 Barracks
02:03 Orc Burrow
02:48 Orc Burrow
04:23 Voodoo Lounge
05:17 Orc Burrow
SHABBY.WAFFlE (
yellow | 57 APM | 310 actions | 05:24)
1 Demon Hunter
1 Mana Burn
» actions
| Assign group hotkey | 3 | |
| Build / train | 17 | |
| Enter build submenu | 6 | |
| Enter hero's abilities submenu | 1 | |
| Right click | 202 | |
| Select / deselect | 62 | |
| Select group hotkey | 8 | |
| Use ability | 11 | |
310 total
» units
» buildings
| Altar of Elders | 1 | |
| Moon Well | 2 | |
| Ancient of War | 2 | |
| Hunter's Hall | 1 | |
6 total
» build order
00:07 Altar of Elders
00:25 Moon Well
01:40 Ancient of War
02:06 Hunter's Hall
02:08 Ancient of War
02:16 Moon Well
Chat log
(00:04 / All) Mata.: lmao
(00:06 / All) Mata.: just disc now
(00:08 / Allies) Mata.: save us some time
(00:09 / Allies) iggy_the_fisk: super
(00:11 / All) dIRTMCWORDUp: saving this game as disc hack3 nov 24.w3g
(00:15 / Allies) iggy_the_fisk: same record as them will have to play them forever
(00:18 / All) dIRTMCWORDUp: going to send a little compilation to blizzard
(00:23 / All) Mata.: hahaha
(00:27 / Allies) Mata.: lets try to end this early
(00:29 / Allies) dIRTMCWORDUp: yes
(00:32 / Allies) dIRTMCWORDUp: makig hunt
(00:41 / All) dIRTMCWORDUp: you guys really arent that good did you know that.
(00:43 / Allies) Mata.: gonna make foots to caster and bring towers
(00:47 / All) Mata.: i mean goddamn
(00:53 / All) dIRTMCWORDUp: i was afk half of last game
(01:00 / All) dIRTMCWORDUp: adn we still win.
(01:02 / All) dIRTMCWORDUp: lmao.
(01:05 / Allies) Mata.: scout em out
(01:06 / Allies) iggy_the_fisk: how did that work out for you
(01:18 / Allies) dIRTMCWORDUp: i had to dig my contact out of the side of my eye
(01:23 / Allies) dIRTMCWORDUp: and put it back in properly
(01:25 / Allies) iggy_the_fisk: that never happens to me ever
(01:31 / Allies) dIRTMCWORDUp: i was rubbing my eyes
(01:40 / Allies) dIRTMCWORDUp: i was at my aunt's this weekend and im allergic to her cats
(01:41 / Allies) iggy_the_fisk: with a hammer
(01:43 / Allies) Mata.: either share or scout right
(01:43 / Allies) Mata.: pleaze
(01:52 / Allies) Mata.: lets go
(01:53 / Allies) Mata.: tower rush
(02:02 / Allies) Mata.: we all down?
(02:06 / Allies) dIRTMCWORDUp: i yam making unit
(02:07 / Allies) iggy_the_fisk: yea
(02:13 / Allies) Mata.: milits sent
(02:16 / Allies) Mata.: can i count on you noobs to be there
(02:20 / Allies) dIRTMCWORDUp: nope!
(02:34 / Allies) dIRTMCWORDUp: bringing ad
(02:35 / Allies) dIRTMCWORDUp: a dub
(02:42 / Allies) dIRTMCWORDUp: kill well yeah
(02:51 / All) dIRTMCWORDUp: why dont you guys just disc hack at beginning
(04:01 / Allies) Mata.: purple blade
(04:42 / Allies) dIRTMCWORDUp: share
(05:01 / All) Mata.: disc when ready
(05:20 / All) dIRTMCWORDUp: pizza
(05:22 / Allies) dIRTMCWORDUp: maybe they are out of disc hac